 Dungeon Crawl Stone Soup version 0.30.0-16-gbe6223bb7e (webtiles) character file.

Game seed: 9407695009776535782

15765 browni3141 the Black Sun (level 12, -6/74 HPs)
             Began as a Mummy Summoner on May 20, 2023.
             Was a High Priest of Kikubaaqudgha.
             Mangled by a red devil
             ... wielding a +0 trident
             ... summoned by a kobold demonologist
              (7 damage)
             ... on level 11 of the Dungeon.
             The game lasted 00:59:51 (10069 turns).

browni3141 the Black Sun (Mummy Summoner)          Turns: 10069, Time: 00:59:51

Health: -6/74      AC:  7    Str: 12    XL:     12   Next: 4%
Magic:  2/29       EV: 11    Int: 18    God:    Kikubaaqudgha [*****.]
Gold:   644        SH:  7    Dex: 13    Spells: 9/37 levels left

rFire   + . .        S - +2 spear (flame)
rCold   . . .        D - +2 buckler {AC+3}
rNeg    + + +        K - +0 leather armour {rF+}
rPois   ∞            (no helmet)
rElec   .            I - +0 cloak
rCorr   +            (no gloves)
SInv    .            (no boots)
Will    +....        (no amulet)
Stlth   ++           H - ring of fire
HPRegen 0.32/turn    G - ring of resist corrosion
MPRegen 0.21/turn

%: faith
@: spiked, very slightly contaminated
A: cold resistance 1, negative energy resistance 3, torment resistance 2, heat
vulnerability 1, in touch with death 1, no potions, faith
a: Renounce Religion, Unearth Wretches, Torment


You were on level 11 of the Dungeon.
You worshipped Kikubaaqudgha.
Kikubaaqudgha was extremely pleased with you.
You visited 2 branches of the dungeon, and saw 12 of its levels.

You collected 644 gold pieces.

Inventory:

Hand Weapons
 b - a +0 whip
 L - a +0 trident
 Q - a +1 trident
 S - a +2 spear of flaming (weapon)
Missiles
 C - 2 javelins
 J - 9 poisoned darts (quivered)
 Z - a throwing net
Armour
 a - a +0 robe
 D - a +2 buckler of protection (worn)
 I - a +0 cloak (worn)
 K - a +0 leather armour of fire resistance (worn)
 R - a +2 leather armour of willpower
Magical Staves
 M - a staff of fire
Jewellery
 G - a ring of resist corrosion (right hand)
 H - a ring of fire (left hand)
Wands
 A - a wand of acid (2)
 P - a wand of digging (4)
 U - a wand of roots (6)
 V - a wand of flame (33)
Scrolls
 d - 5 scrolls of vulnerability
 r - 2 scrolls of identify
 F - 3 scrolls of fog
 N - a scroll of enchant weapon
 O - a scroll of torment
 T - a scroll of enchant armour
 W - a scroll of amnesia
 X - a scroll of noise
 Y - 3 scrolls of teleportation


   Skills:
 - Level 1.7 Dodging
 - Level 1.8 Stealth
 - Level 4.0 Shields
 + Level 13.0 Spellcasting
 - Level 3.5 Summonings
 * Level 15.2 Necromancy
 - Level 2.0 Evocations


You had 9 spell levels left.
You knew the following spells:

 Your Spells              Type           Power      Damage    Failure   Level
a - Call Canine Familiar  Summ           24%        N/A       8%          3
b - Borgnjor's Vile Clut  Necr/Erth      28%        N/A       13%         5
c - Simulacrum            Ice/Necr       28%        N/A       56%         6
d - Animate Dead          Necr           79%        N/A       1%          4
g - Summon Guardian Gole  Hex/Summ       18%        N/A       16%         3
u - Dispel Undead         Necr           79%        3d26      1%          4
x - Call Imp              Summ           48%        N/A       3%          2
z - Summon Small Mammal   Summ           96%        N/A       2%          1

Your spell library contained the following spells:

 Spells                   Type           Power      Damage    Failure   Level
 Kiss of Death            Conj/Necr      100%       2d13      1%          1
 Necrotise                Necr           100%       1d9       1%          1
 Cigotuvi's Dreadful Rot  Necr/Pois/Air  90%        N/A       1%          2
 Agony                    Necr           79%        N/A       1%          5
 Magic Dart               Conj           44%        1d5       11%         1
 Ensorcelled Hibernation  Hex/Ice        22%        N/A       16%         2
 Passwall                 Tmut/Erth      9%         N/A       16%         2
 Searing Ray              Conj           22%        2d5       16%         2
 Inner Flame              Hex/Fire       17%        N/A       30%         3
 Swiftness                Air            11%        N/A       30%         3
 Vhi's Electric Charge    Tloc/Air       22%        N/A       30%         3
 Summon Lightning Spire   Summ/Air       18%        N/A       45%         4
 Fulminant Prism          Conj/Hex       5%         3d7       71%         4
 Infestation              Necr           39%        N/A       78%         8
 Haunt                    Necr/Summ      31%        N/A       88%         7
 Arcjolt                  Conj/Air       5%         1d15      96%         5
 Yara's Violent Unravell  Hex/Tmut       5%         3d4       96%         5
 Plasma Beam              Fire/Air       8%         2x1d21    100%        6
 Enfeeble                 Hex            5%         N/A       100%        7


Dungeon Overview and Level Annotations

Branches:
Dungeon (11/15)            Temple (1/1) D:4            Lair (0/5) D:11
    Orc: D:9-12

Altars:
Gozag
Hepliaklqana
Kikubaaqudgha
Okawaru
Sif Muna
Trog
Uskayaw
Vehumet
Wu Jian

Shops:
D:1 (   D:2 =

Annotations:
D:7 3 runed translucent doors, AverageBear's ghost, novice OpFi


Innate Abilities, Weirdness & Mutations

You are immune to poison.
Your flesh is cold resistant. (rC+)
You are immune to negative energy. (rN+++)
You are immune to unholy pain and torment.
You are vulnerable to heat. (rF-)
You are in touch with the powers of death.
You do not drink.
You have a special connection with the divine. (Faith)


Message History

Reach: S) +2 spear (flame)
Press: ? - help, Dir - move target, f/p - boulder beetle
Aim: a boulder beetle (almost dead, rolling, very poisoned, slow, ally target, about 10% to evade your +2 spear of flaming)
You could not reach far enough!
The boulder beetle is no longer moving slowly.
Reach: S) +2 spear (flame)
Press: ? - help, Dir - move target, f/p - boulder beetle
Aim: a boulder beetle (almost dead, rolling, very poisoned, ally target, about 10% to evade your +2 spear of flaming)
You reach to attack!
You hit the boulder beetle but do no damage.
The boulder beetle is almost dead.
The boulder beetle hits your guardian golem!!!
The boulder beetle stops rolling and uncurls.
Your guardian golem overheats!
The boulder beetle bites your guardian golem!
Your guardian golem disappears in a puff of smoke!
Your guardian golem explodes!
The fiery explosion engulfs the boulder beetle!!
The boulder beetle dies!
Kikubaaqudgha accepts your kill. The fiery explosion engulfs you! You resist.
You hear a shout! x2
Your Spellcasting skill increases to level 13!
You have reached level 12!
You start resting.
An orc warrior is nearby!
You see here a poisoned dart.
Casting: Summon Guardian Golem (dangerous; 16% risk of failure)
Confirm with . or Enter, or press ? or * to list all spells.
Aiming: Borgnjor's Vile Clutch (dangerous; 13% risk of failure)
Press: ? - help, Shift-Dir - straight line, f - orc warrior
Aim: an orc warrior, wielding a +0 arbalest, wearing a +0 plate armour and quivering datura-tipped darts (100% to hit)
You feel a surge of power!
You miscast Borgnjor's Vile Clutch.
You are very lightly contaminated with residual magic.
Kikubaaqudgha protects you from your miscast necromantic spell!
The orc warrior unwields a +0 arbalest.
The orc warrior wields a +1 morningstar of protection.
The orc warrior closely misses you.
Unknown command.
You hit the orc warrior but do no damage.
A kobold demonologist comes into view.
It is wielding a +0 war axe and wearing the +0 leather armour "Cyfyseuc" {Harm rElec Dex-5}.
The orc warrior barely misses you.
Okay, then.
Okay, then.
Casting: Borgnjor's Vile Clutch (dangerous; 13% risk of failure)
Confirm with . or Enter, or press ? or * to list all spells.
A tiny devil pulls itself out of the air.
The kobold demonologist mumbles some strange words.
The orc warrior hits you with a +1 morningstar of protection.
The orc warrior attacks as you move away!
The orc warrior hits you with a +1 morningstar of protection!!
The orc warrior unwields a +1 morningstar of protection.
The orc warrior wields a +0 arbalest.
The orc warrior shoots a bolt.
The bolt hits you!
* * * LOW HITPOINT WARNING * * *
Your cerulean imp barely misses the orc warrior.
The kobold demonologist looks encouraged for a moment.
Your cerulean imp hits the orc warrior but does no damage.
The white imp barely misses you.
The kobold demonologist closely misses you.
The kobold demonologist casts a spell.
Your cerulean imp barely misses the orc warrior.
The red devil hits you from afar with a +0 trident!
* * * LOW HITPOINT WARNING * * *
Barbed spikes become lodged in your body.
Unknown command.
Aiming: Corrosive Bolt
Press: ? - help, Shift-Dir - straight line, f - red devil
Aim: a red devil, wielding a +0 trident (summoned, 60% to hit)
The bolt of acid misses the red devil.
The bolt of acid hits the kobold demonologist!!
The acid corrodes the kobold demonologist!
The kobold demonologist is heavily wounded.
The bolt of acid hits the white imp!
The acid corrodes the white imp!
You kill the white imp!
The white imp disappears in a puff of smoke!
The bolt of acid hits the orc warrior!
The orc warrior is moderately wounded.
Your cerulean imp hits the orc warrior but does no damage.
The red devil hits you from afar with a +0 trident!!
* * * LOW HITPOINT WARNING * * *
Barbed spikes become lodged in your body.
Unknown command.
Okay, then.
Unknown command.
Unknown command.
Aiming: Corrosive Bolt
Press: ? - help, Shift-Dir - straight line, f/p - red devil
Aim: a red devil, wielding a +0 trident (summoned, 60% to hit)
The bolt of acid hits the red devil!
The red devil is moderately wounded.
The bolt of acid hits the kobold demonologist!
The kobold demonologist seems to be corroded for longer.
The kobold demonologist is almost dead.
The bolt of acid hits the orc warrior!
The orc warrior is heavily wounded.
Your cerulean imp hits the orc warrior but does no damage.
The red devil hits you from afar with a +0 trident!
You die...
Kikubaaqudgha rasps: "You have failed me!
Welcome... oblivion!"

###.# $# #.....
#...# #.#
#..... #.### ..
#..... #.# #.##
#.#### #.#
##... ..# #.#
#..####. #.#
##.##[.##
#.####5.#...[##
#.@.4Ko.#.!.$'
#######5##.o#
#### #.(#☼##
#... ##....#
##.# ####.# #..
#..## ##.#
#...###..#
#........#
#.........


You could see a kobold demonologist (corroded), a red devil (summoned), an orc
warrior (ally target), a white imp (summoned) and a friendly cerulean imp
(summoned).

Vanquished Creatures
  A centaur warrior (D:10)
  3 two-headed ogres
  An ugly thing (D:11)
  A manticore (D:8)
  A gargoyle (D:10)
  2 komodo dragons (D:11)
  A troll (D:11)
  A hornet (D:9)
  3 spriggans (D:9)
  A shadow (D:11)
  A vampire (D:10)
  2 wyverns (D:9)
  A wraith (D:9)
  2 yaks
  2 vampire mosquitoes (D:11)
  A warg (D:11)
  A water moccasin (D:9)
  2 ice beasts
  4 orc warriors
  2 centaurs
  2 bullfrogs
  A gnoll sergeant (D:9)
  A scorpion (D:5)
  8 wights
  17 killer bees
  3 howler monkeys (D:8)
  2 jellies
  3 orc priests
  3 gnoll boudas
  2 hounds
  An iguana (D:5)
  A sleepcap (D:4)
  4 orc wizards (D:11)
  11 gnolls
  3 adders
  A shadow imp (D:6)
  A white imp (D:7)
  An ufetubus (D:5)
  A dart slug (D:3)
  16 orcs
  4 ball pythons
  2 endoplasms
  A giant cockroach (D:3)
  5 goblins
  7 hobgoblins
  2 jackals
  3 quokkas
  A bat (D:3)
  2 frilled lizards (D:3)
  7 kobolds
  2 rats
151 creatures vanquished.

Vanquished Creatures (collateral kills)
  2 two-headed ogres
  2 spriggans (D:9)
  A warg (D:11)
  A black bear (D:7)
  2 ogres
  A phantom (D:7)
  3 bullfrogs
  A kobold brigand (D:9)
  A gnoll sergeant (D:11)
  4 scorpions
  4 killer bees
  2 howler monkeys
  A bullfrog zombie (D:9)
  4 hounds
  3 orc priests
  An iguana (D:5)
  Jessica (D:2)
  A sleepcap (D:6)
  8 orc wizards
  8 gnolls
  5 adders
  A shadow imp (D:3)
  An ufetubus (D:7)
  6 worms
  3 dart slugs
  23 orcs
  3 ball pythons
  4 endoplasms
  2 giant cockroaches
  11 goblins
  6 hobgoblins
  5 jackals
  6 kobolds
  3 quokkas
  A bat (D:1)
  4 frilled lizards
  4 rats
139 creatures vanquished.

Vanquished Creatures (others)
  Harold (D:11)
  A boulder beetle (D:11)
  An ugly thing zombie (D:11)
  An ugly thing (D:11)
  A wizard (D:3)
  3 hornets
  Eustachio (D:5)
  A spriggan (D:9)
  Edmund (D:6)
  2 two-headed ogre zombies
  An acid dragon (D:6)
  A water moccasin (D:6)
  An orc warrior (D:8)
  2 black bears (D:6)
  A vampire mosquito zombie (D:11)
  A komodo dragon zombie (D:11)
  A water moccasin zombie (D:6)
  2 warg zombies (D:11)
  A wight (D:6)
  2 killer bees (D:9)
  A spriggan zombie (D:9)
  A centaur zombie (D:7)
  Crazy Yiuf (D:7)
  A hound (D:6)
  An iguana (D:5)
  11 killer bee zombies
  A hound zombie (D:7)
  A howler monkey zombie (D:11)
  A gnoll (D:7)
  An ufetubus (D:6)
  3 orcs
  A goblin (D:4)
  4 gnoll zombies (D:7)
  6 kobold zombies (D:9)
  5 orc zombies
  A rat (D:6)
  A rat zombie (D:6)
67 creatures vanquished.

Grand Total: 357 creatures vanquished

Notes
Turn   | Place    | Note
-------+----------+-------------------------------------------
     0 | D:1      | browni3141 the Mummy Summoner began the quest for the Orb.
     0 | D:1      | Reached XP level 1. HP: 13/13 MP: 4/4
   129 | D:1      | Reached XP level 2. HP: 15/19 MP: 2/5
   138 | D:1      | Found Deghaf's Weapon Shoppe.
   145 | D:1      | Learned a level 2 spell: Call Imp
   173 | D:1      | Reached skill level 3 in Spellcasting
   392 | D:4      | Found a staircase to the Ecumenical Temple.
   406 | D:4      | Gained mutation: You are in touch with the powers of death.
                  | [Mummy growth]
   406 | D:4      | Reached XP level 3. HP: 9/24 MP: 0/8
   411 | D:4      | Learned a level 3 spell: Call Canine Familiar
   429 | Temple   | Entered the Ecumenical Temple
   442 | Temple   | Became a worshipper of Kikubaaqudgha
   472 | D:4      | Noticed a scorpion
   564 | D:4      | Killed a scorpion
   565 | D:4      | Reached XP level 4. HP: 17/30 MP: 0/11
   903 | D:1      | Reached skill level 6 in Spellcasting
  1146 | D:1      | Reached * piety under Kikubaaqudgha
  1146 | D:1      | Received a gift from Kikubaaqudgha
  1147 | D:1      | Reached XP level 5. HP: 35/35 MP: 13/13
  1168 | D:1      | Learned a level 3 spell: Summon Guardian Golem
  1173 | D:1      | Learned a level 4 spell: Animate Dead
  1263 | D:2      | Found Xoppuo's Jewellery Boutique.
  1458 | D:2      | Noticed Jessica
  1465 | D:2      | Killed Jessica
  1466 | D:2      | Reached skill level 1 in Necromancy
  1835 | D:3      | Reached ** piety under Kikubaaqudgha
  1845 | D:3      | Reached skill level 2 in Necromancy
  1922 | D:3      | Reached XP level 6. HP: 10/41 MP: 8/15
  2047 | D:3      | Found a faded altar of an unknown god.
  2294 | D:3      | Reached *** piety under Kikubaaqudgha
  2294 | D:3      | Received a gift from Kikubaaqudgha
  2296 | D:3      | Reached skill level 3 in Necromancy
  2301 | D:3      | Learned a level 4 spell: Dispel Undead
  2355 | D:3      | Found a bloodstained altar of Trog.
  2356 | D:3      | Noticed a wizard
  2362 | D:3      | Killed a wizard
  2717 | D:4      | Reached XP level 7. HP: 20/46 MP: 16/18
  2786 | D:4      | Reached skill level 4 in Necromancy
  2982 | D:5      | Entered Level 5 of the Dungeon
  3035 | D:5      | Learned a level 5 spell: Borgnjor's Vile Clutch
  3037 | D:5      | Noticed Eustachio
  3073 | D:5      | Reached **** piety under Kikubaaqudgha
  3164 | D:5      | Killed Eustachio
  3227 | D:5      | Reached skill level 5 in Necromancy
  3358 | D:5      | Reached XP level 8. HP: 11/52 MP: 11/20
  3741 | D:5      | Found a hide-covered altar of Uskayaw.
  4128 | D:6      | Noticed a hornet
  4139 | D:6      | Killed a hornet
  4140 | D:6      | Reached skill level 9 in Spellcasting
  4175 | D:6      | Identified the +1 ring mail "Horoot" {Will+}
  4201 | D:6      | Reached skill level 6 in Necromancy
  4310 | D:6      | HP: 2/52 [something/ball of steam (27)]
  4837 | D:6      | Noticed Edmund
  4851 | D:6      | Reached skill level 7 in Necromancy
  4895 | D:6      | Killed Edmund
  4987 | D:6      | Reached skill level 8 in Necromancy
  5016 | D:6      | Reached XP level 9. HP: 39/57 MP: 14/23
  5161 | D:6      | Reached skill level 9 in Necromancy
  5743 | D:7      | Reached skill level 10 in Necromancy
  5804 | D:7      | Noticed a wizard
  5805 | D:7      | Noticed AverageBear's ghost (novice OpFi)
  5805 | D:7      | Noticed a brown ugly thing
  5807 | D:7      | Found a runed translucent gate.
  5808 | D:7      | Found a runed translucent gate.
  5808 | D:7      | Found a runed translucent gate.
  6059 | D:7      | Found a runed translucent door.
  6060 | D:7      | Noticed Crazy Yiuf
  6077 | D:7      | Killed Crazy Yiuf
  6184 | D:7      | Reached skill level 11 in Necromancy
  6988 | D:8      | Learned a level 6 spell: Simulacrum
  7088 | D:8      | Reached XP level 10. HP: 21/63 MP: 8/24
  7089 | D:8      | Reached ***** piety under Kikubaaqudgha
  7304 | D:8      | Noticed a manticore
  7316 | D:8      | Killed a manticore
  7317 | D:8      | Reached skill level 12 in Necromancy
  7644 | D:9      | Found a shimmering blue altar of Sif Muna.
  7684 | D:9      | Noticed a two-headed ogre
  7700 | D:9      | Killed a two-headed ogre
  8166 | D:9      | Reached skill level 13 in Necromancy
  8511 | D:9      | Noticed a two-headed ogre
  8518 | D:9      | Reached XP level 11. HP: 57/68 MP: 9/26
  8520 | D:9      | Killed a two-headed ogre
  8522 | D:9      | Reached skill level 12 in Spellcasting
  8522 | D:9      | Reached skill level 14 in Necromancy
  8794 | D:10     | Entered Level 10 of the Dungeon
  8868 | D:10     | Noticed a two-headed ogre
  8876 | D:10     | Killed a two-headed ogre
  9347 | D:10     | Noticed a centaur warrior
  9357 | D:10     | Killed a centaur warrior
  9404 | D:11     | Found a staircase to the Lair.
  9488 | D:11     | Noticed a two-headed ogre
  9495 | D:11     | Killed a two-headed ogre
  9496 | D:11     | Reached skill level 3 in Shields
  9582 | D:11     | Noticed Harold
  9583 | D:11     | Noticed a green ugly thing
  9592 | D:11     | Killed Harold
  9592 | D:11     | Killed a green ugly thing
  9592 | D:11     | Reached ****** piety under Kikubaaqudgha
  9593 | D:11     | Received a gift from Kikubaaqudgha
  9696 | D:11     | Noticed a red ugly thing
  9701 | D:11     | HP: 3/68 [vampire mosquito (4)]
  9711 | D:11     | Killed a red ugly thing
  9974 | D:11     | Reached skill level 15 in Necromancy
  9997 | D:11     | Noticed a two-headed ogre
 10008 | D:11     | Killed a two-headed ogre
 10036 | D:11     | Noticed a boulder beetle
 10050 | D:11     | Killed a boulder beetle
 10051 | D:11     | Reached XP level 12. HP: 63/74 MP: 5/29
 10060 | D:11     | Identified the +0 leather armour "Cyfyseuc" {Harm rElec
                  | Dex-5}
 10068 | D:11     | HP: 1/74 [red devil/+0 trident[a kobold demonologist] (18)]
 10069 | D:11     | Mangled by a red devil

Illustrated notes

Levels and vault maps discovered:
D:1:      elethiomel_arrival_maze, layout_basic, serial_shops,
          nicolae_shop_scrapyard, minmay_shallow_snake_nest
D:2:      kennysheep_the_goblin_king, layout_loops_corners, serial_shops,
          nicolae_shop_window_shopping, uniq_jessica
D:3:      minmay_skewed_foursquare, layout_basic, trog_wizard,
          basic_ecumenical_altar, nicolae_wormholes
D:4:      layout_basic, temple_pool_b
D:5:      layout_loops_ring, lemuel_coloured_pillars_altar,
          serial_co_window_serial, co_window_of_opportunity_a,
          co_window_corner_a, co_window_paths_a, co_window_paths_b,
          co_window_corner_a, co_window_of_opportunity_b, co_window_corner_cb,
          co_window_of_opportunity_b, co_window_4corner_b, glass_columns_b,
          glass_columns_a, glass_columns_a, glass_columns_c, glass_columns_b,
          uniq_eustachio
D:6:      layout_basic, grunt_potential, uniq_edmund
D:7:      layout_loops_corners, kennysheep_mini, gammafunk_ghost_split,
          uniq_crazy_yiuf_cottage
D:8:      layout_basic
D:9:      kb_forest_paths, layout_basic, old_standard_altar
D:10:     layout_loops_ring
D:11:     layout_loops_ring, erik_lair_orcish_takeover, minmay_joined_circles,
          uniq_harold
Temple:   mainiacjoe_temple_coin_purse

Skill      XL: |  1  2  3  4  5  6  7  8  9 10 11 |
---------------+----------------------------------+-----
Spellcasting   | 4 5 6 7 8 10 11 13 | 13.0
Necromancy     | 2 3 5 8 11 13 15 | 15.2
Shields        | 4 |  4.0
Evocations     | 2 |  2.0
Dodging        | |  1.7
Stealth        | |  1.8
Summonings     | |  3.5

Action                     |  1- 3 |  4- 6 |  7- 9 | 10-12 || total
---------------------------+-------+-------+-------+-------++-------
  Melee: Whip              |    37 |    54 |       |       ||    91
         Unarmed           |     1 |       |       |       ||     1
         Trident           |       |    99 |   199 |    89 ||   387
         Punch             |       |     2 |     4 |       ||     6
         Spear             |       |       |       |    10 ||    10
  Throw: Dart              |       |       |       |     2 ||     2
   Cast: Summon Small Mamm |    15 |       |     1 |       ||    16
         Call Imp          |    10 |    26 |    16 |     4 ||    56
         Call Canine Famil |     2 |    14 |    50 |    20 ||    86
         Summon Guardian G |       |     1 |    23 |     7 ||    31
         Animate Dead      |       |       |     4 |     8 ||    12
         Dispel Undead     |       |       |     8 |     6 ||    14
         Borgnjor's Vile C |       |       |     6 |    45 ||    51
 Invoke: Unearth Wretches  |       |       |     2 |       ||     2
         Torment           |       |       |       |     1 ||     1
         Receive Forbidden |       |       |       |     1 ||     1
  Evoke: Wand              |       |    12 |     5 |     7 ||    24
    Use: Scroll            |       |     3 |    11 |     1 ||    15
   Stab: Sleeping          |     2 |     2 |       |     1 ||     5
         Distracted        |       |     2 |     4 |     2 ||     8
 Armour: Robe              |     4 |    15 |       |       ||    19
         Leather armour    |       |    32 |    65 |    42 ||   139
  Dodge: Dodged            |    40 |   142 |   188 |    97 ||   467
  Block: Buckler           |       |       |       |    21 ||    21
